AoeStats
← Joaking

Arena

503928149Analyzed
4v4 RM · 29d ago on Sep 3, 2026· 40m 57s· 8 players
Game mode
Random Map
Map size
Large (8 player)
Population
200
Speed
Normal
Resources
Standard
Victory
Conquest
Starting age
Dark Age
Ending age
Imperial Age
RankedLock teamsTeams togetherTeam positionsShared explorationLock speedFull tech treeHidden civsTurbo modeCheats
Victory
Defeat
🇦🇷 Romans · Argentina
1157
+15
🇦🇷 Khmer · Argentina
1135
+16
🇦🇷 Burgundians · Argentina
1130
+16
🇨🇱 Britons · Chile
1027
+22
🇨🇴 Turks · Colombia
1182
-19
🇺🇸 Mapuche · United States
1157
-18
🇲🇽 Wei · Mexico
1115
-16
🇨🇳 Franks · China
1109
-16
ACI Paradoja
7:50 Loom
10:30 Feudal Age
14:42 Castle Age
12:54 Horse Collar
13:25 Double-Bit Axe
13:57 Gold Mining
18:32 Loom
23:04 Wheelbarrow
22:59 Bow Saw
23:11 Stone Mining
23:37 Heavy Plow
24:57 Gold Shaft Mining
24:58 Stone Shaft Mining
25:35 Hand Cart
25:08 Town Watch
29:05 Imperial Age
26:24 Town Watch
28:57 Town Patrol
29:23 Bloodlines
29:14 Husbandry
28:57 Light Cavalry
29:09 Heavy Hei Guang Cavalry
30:20 Tuntian
31:36 Ming Guang Armor
31:31 Conscription
32:38 Scale Barding Armor
32:44 Forging
33:10 Crop Rotation
33:53 Chain Barding Armor
33:41 Hussar
33:42 Pikeman
34:23 Squires
34:08 Arson
34:13 Halberdier
34:49 Onager
36:44 Iron Casting
36:10 Scale Mail Armor
36:00 Fletching
36:10 Padded Archer Armor
39:31 Blast Furnace
Cthpoolu
11:05 Feudal Age
15:06 Castle Age
13:44 Double-Bit Axe
13:43 Horse Collar
16:04 Bow Saw
16:10 Heavy Plow
18:23 Loom
19:52 Wheelbarrow
19:53 Town Watch
22:11 Gold Mining
26:14 Hand Cart
31:33 Imperial Age
29:48 Padded Archer Armor
29:49 Scale Mail Armor
29:40 Fletching
30:45 Leather Archer Armor
31:49 Chain Mail Armor
31:20 Elite Skirmisher
31:51 Stone Mining
31:57 Stone Mining
32:21 Malon
33:13 Onager
Andresfcc
10:56 Feudal Age
11:39 Loom
15:14 Castle Age
14:25 Double-Bit Axe
14:21 Horse Collar
16:32 Heavy Plow
16:46 Bow Saw
16:29 Gold Mining
17:24 Town Watch
31:34 Imperial Age
29:45 Fletching
29:58 Padded Archer Armor
31:26 Bodkin Arrow
31:49 Leather Archer Armor
32:07 Ballistics
32:41 Wheelbarrow
32:24 Bracer
33:30 Conscription
33:15 Artillery
33:50 Parthian Tactics
34:42 Gold Shaft Mining
34:01 Stone Mining
34:13 Town Patrol
34:33 Hand Cart
34:38 Husbandry
35:50 Ring Archer Armor
35:30 Heavy Cavalry Archer
38:38 Thumb Ring
游离
11:02 Feudal Age
14:40 Castle Age
13:09 Double-Bit Axe
15:02 Wheelbarrow
15:59 Bow Saw
24:59 Gold Mining
25:45 Scale Barding Armor
25:50 Forging
26:25 Gold Shaft Mining
26:01 Stone Mining
27:23 Wheelbarrow
26:57 Loom
26:57 Town Watch
28:33 Hand Cart
28:43 Fortified Wall
32:02 Imperial Age
29:46 Husbandry
31:18 Chain Barding Armor
31:33 Iron Casting
32:07 Pikeman
32:33 Gambesons
32:48 Squires
32:34 Arson
32:14 Cavalier
33:00 Chivalry
33:20 Conscription
33:37 Hoardings
32:30 Capped Ram
34:45 Plate Barding Armor
35:10 Blast Furnace
34:16 Paladin
37:31 Blast Furnace
40:59 Hoardings
Joaking
8:04 Loom
9:59 Feudal Age
16:36 Castle Age
15:42 Double-Bit Axe
20:16 Bow Saw
19:49 Horse Collar
29:51 Imperial Age
29:11 Yeomen
28:46 Fletching
28:57 Padded Archer Armor
29:15 Heavy Plow
29:58 Bodkin Arrow
30:44 Ballistics
30:29 Elite Longbowman
32:49 Chemistry
32:15 Bracer
33:12 Leather Archer Armor
34:57 Ring Archer Armor
35:18 Wheelbarrow
34:29 Town Watch
35:48 Two-Man Saw
38:01 Masonry
37:57 Siege Engineers
37:56 Scale Mail Armor
38:06 Forging
MateoargeAOE
10:10 Feudal Age
8:58 Double-Bit Axe
14:22 Castle Age
19:11 Horse Collar
23:20 Heavy Plow
23:28 Gold Mining
25:14 Crop Rotation
25:47 Wheelbarrow
27:09 Husbandry
27:51 Gold Shaft Mining
31:06 Imperial Age
28:25 Cavalier
29:24 Forging
29:19 Scale Barding Armor
29:34 Hand Cart
29:42 Loom
31:15 Iron Casting
30:40 Stone Mining
31:07 Bow Saw
31:12 Paladin
33:25 Blast Furnace
34:11 Chain Barding Armor
37:58 Scale Mail Armor
38:33 Plate Barding Armor
38:01 Scale Mail Armor
37:53 Pikeman
40:17 Chemistry
rabbit o sea conejo
10:01 Loom
11:46 Feudal Age
14:34 Double-Bit Axe
14:31 Horse Collar
14:45 Gold Mining
17:10 Castle Age
16:37 Wheelbarrow
20:05 Bow Saw
22:47 Heavy Plow
23:27 Hand Cart
23:28 Stone Mining
27:29 Town Watch
30:23 Imperial Age
28:35 Gold Shaft Mining
30:34 Ballistas
31:45 Ballistics
30:57 Heavy Scorpion
32:41 Chemistry
31:47 Siege Engineers
31:39 Murder Holes
32:36 Conscription
34:16 Scale Mail Armor
34:26 Forging
33:58 Pikeman
34:39 Squires
34:55 Halberdier
38:04 Chain Mail Armor
38:24 Iron Casting
42:27 Blast Furnace
41:33 Scale Barding Armor
41:20 Fletching
Maxi24875
10:40 Feudal Age
13:43 Castle Age
11:42 Double-Bit Axe
11:39 Horse Collar
13:20 Loom
14:11 Wheelbarrow
21:47 Hand Cart
27:39 Imperial Age
25:12 Heavy Plow
27:21 Scale Barding Armor
27:27 Forging
28:54 Chain Barding Armor
29:11 Crop Rotation
29:33 Conscription
30:03 Bloodlines
29:54 Husbandry
29:25 Elite Ballista Elephant
30:34 Bow Saw
30:11 Light Cavalry
31:21 Siege Engineers
31:17 Gold Mining
31:17 Stone Mining
33:01 Chemistry
32:45 Ballistics
32:37 Fortified Wall
32:31 Double Crossbow
35:22 Hoardings
35:02 Masonry
35:28 Plate Barding Armor
34:49 Town Watch
36:57 Stone Shaft Mining
36:57 Gold Shaft Mining
40:21 Architecture
39:51 Murder Holes
40:49 Caravan
Connection lost

Rejoining the realm…

Still unreachable

The connection could not be restored.

Session expired

The server has moved on; the page needs a fresh start.